Selects Italian Coastal Battlegroup
Selects Italian Coastal Battlegroup
Construct Infanterie Kompanie
Construct Panzergrenadier Kompanie
Construct Luftwaffe Kompanie
Selects Artillery Officer
Flak 30 Anti-aircraft Gun Team
Luftwaffe Officer Quarters
Selects Obice da 210/22 Artillery Emplacement
Selects Designate Defensive Line
Construct Panzer Kompanie
Selects Designated Artillery Overwatch
Designated Artillery Overwatch
Designated Artillery Overwatch